 Dungeon Crawl Stone Soup version 0.17-a0-1830-g81820eb (webtiles) character file.

84 Herrn the Grave Robber (level 4, -5/37 (38) HPs)
             Began as a Naga Necromancer on Sept 14, 2015.
             Killed by nerve-wracking pain
             ... invoked by a shadow imp
             ... summoned by Natasha
              (10 damage)
             ... on level 2 of the Dungeon.
             The game lasted 00:07:05 (1290 turns).

Herrn the Grave Robber (Naga Necromancer)           Turns: 1290, Time: 00:07:05

HP:   -5/37 (38)    AC:  2    Str: 10    XL:     4   Next: 45%
MP:   7/7           EV: 10    Int: 15    God:
Gold: 59            SH:  0    Dex: 13    Spells: 3 memorised, 2 levels left

rFire  . . .     SeeInvis +     e - scroll of teleportation {unknown}
rCold  . . .     Clarity  .     m - +0 robe
rNeg   . . .     SustAt   .     (no shield)
rPois  +         Gourm    .     i - +0 helmet
rElec  .         Spirit   .     n - -2 cloak (curse)
rCorr  .         Warding  .     (no gloves)
rMut   .         Stasis   .     (no barding)
MR     .....                    (no amulet)
Stlth  ++........               (no ring)
                                (no ring)

@: non-regenerating, diseased, very slow, not resistant to hostile enchantments,
unstealthy
A: see invisible, deformed body, poison resistance, slowness 2, slow metabolism
1, spit poison 2, AC +1
a: Spit Poison


You were on level 2 of the Dungeon.
You were not hungry.

You visited 1 branch of the dungeon, and saw 2 of its levels.

You collected 59 gold pieces.

Inventory:

Armour
 i - a +0 helmet (worn)
 m - a +0 robe (worn)
 n - a cursed -2 cloak (worn)
Magical devices
 k - a wand of flame (9)
Scrolls
 e - a scroll of teleportation (in hand) {unknown}
 h - a scroll of magic mapping
 j - a scroll of identify {unknown}
Potions
 d - 3 potions of lignification {unknown}
 l - a potion of heal wounds {unknown}
Books
 b - a book of Necromancy

   Spells                             Type                      Level
   a - Pain                           Necromancy                   1
   b - Animate Skeleton               Necromancy                   1
   c - Vampiric Draining              Necromancy                   3
   d - Regeneration                   Charms/Necromancy            3
   e - Animate Dead                   Necromancy                   4
   f - Control Undead                 Necromancy                   4
Comestibles
 a - 3 chunks of flesh
 c - a bread ration
 f - a meat ration
 g - a beef jerky


   Skills:
 * Level 1.6 Fighting
 + Level 1.7 Dodging
 - Level 3.0 Stealth
 - Level 2.0 Spellcasting
 + Level 5.3 Necromancy


You had 2 spell levels left.
You knew the following spells:

 Your Spells              Type           Power        Failure   Level  Hunger
a - Pain                  Necr           ###.         2%          1    #......
b - Regeneration          Chrm/Necr      #.........   24%         3    ###....
c - Animate Skeleton      Necr           N/A          2%          1    #......


Dungeon Overview and Level Annotations

Branches:
Dungeon (2/15)

Altars:

Annotations:
D:2 Natasha


Innate Abilities, Weirdness & Mutations

You cannot wear boots.
Your serpentine skin is tough (AC +1).
You have supernaturally acute eyesight.
Armour fits poorly on your strangely shaped body.
Your system is resistant to poisons.
You cover ground very slowly.
You have a slow metabolism.
You can spit poison.


Message History

The necrophage hits you.
Found a stone staircase leading up.
The necrophage hits you.
* * * LOW HITPOINT WARNING * * *
There is a stone staircase leading down, spattered with blood here.
Found 6 gold pieces.
Natasha, Servant of Life and Death comes into view.
Natasha hisses angrily.
The necrophage hits you.
* * * LOW HITPOINT WARNING * * *
You feel ill.
Your flesh rots away!
Your flesh rots away!
Natasha casts a spell.
The necrophage hits you.
* * * LOW HITPOINT WARNING * * *
Really attack while wielding your scroll labeled RUNOSHU PILUT?
Okay, then.
Natasha barely misses you. The shadow imp gestures at you.
Pain shoots through your body!
You die...

#....##.## ♣..P♣♣
#......#.* ♣♣.♣♣
#.....###* ♣.♣♣
#>....# ♣♣Z♣
#.....#*** ♣.♣♣
####...#..#,* ♣♣.♣
#......#.#.#*
##.##
#.##n.##.####
#...#
#,*#.@......#
#...#
*,*#h.#####.#
#..)# *,*#5.# *,*
##### *,*#..# *,*
*,*#.$# *,** *****
*,*#..#****,,*
*,**,
*,*##..,,,,,,*
*,**, *,*
###,*,*,,* **,**,
*,*
**,***,,,****,,,,,


You could see a necrophage, Natasha and a shadow imp.

Vanquished Creatures
  Crazy Yiuf (D:2)
  Natasha (D:2)
  An adder (D:2)
  2 giant cockroaches
  A goblin (D:1)
  4 hobgoblins (D:1)
  3 jackals (D:1)
  6 kobolds
  4 bats (D:1)
  3 rats
26 creatures vanquished.

Notes
Turn   | Place    | Note
--------------------------------------------------------------
     0 | D:1      | Herrn the Naga Necromancer began the quest for the Orb.
     0 | D:1      | Reached XP level 1. HP: 15/15 MP: 3/3
   184 | D:1      | Reached XP level 2. HP: 22/24 MP: 1/5
   365 | D:1      | Reached skill level 1 in Fighting
   850 | D:2      | Reached XP level 3. HP: 31/31 MP: 4/6
   876 | D:2      | Noticed Natasha
   879 | D:2      | Killed Natasha
   899 | D:2      | Learned a level 3 spell: Regeneration
   905 | D:1      | Reached skill level 5 in Necromancy
  1138 | D:2      | Reached XP level 4. HP: 25/38 MP: 0/7
  1157 | D:2      | Learned a level 1 spell: Animate Skeleton
  1221 | D:2      | Noticed Crazy Yiuf
  1230 | D:2      | Killed Crazy Yiuf
  1275 | D:2      | Noticed a necrophage
  1287 | D:2      | Noticed Natasha
  1290 | D:2      | Killed from afar by a shadow imp

Vault maps used:
D:1:      mrwooster_arrival_arrow
D:2:      uniq_natasha, uniq_crazy_yiuf_cottage

Action                   |  1- 3 |  4- 6 || total
-------------------------+-------+-------++-------
 Cast: Pain              |    29 |     6 ||    35
       Animate Skeleton  |       |     1 ||     1
 Abil: Spit Poison       |    19 |     2 ||    21
  Use: Scroll            |       |     1 ||     1
  Eat: Chunk             |     1 |     1 ||     2
